AoeStats
← Katalipsis1

Yucatan

503525058Analyzed
2v2 RM · 1mo ago on Sep 1, 2026· 38m 39s· 4 players
Game mode
Random Map
Map size
Medium (4 player)
Population
200
Speed
Normal
Resources
Standard
Victory
Conquest
Starting age
Dark Age
Ending age
Imperial Age
RankedLock teamsTeams togetherTeam positionsShared explorationLock speedFull tech treeHidden civsTurbo modeCheats
Victory
Defeat
🇦🇷 Berbers · Argentina
926
+12
🇦🇷 Tatars · Argentina
912
+13
🇨🇱 Mongols · Chile
862
-13
🇨🇱 Magyars · Chile
825
-12
La Kobra
4:12 Loom
10:41 Feudal Age
12:02 Wheelbarrow
11:13 Horse Collar
16:03 Gold Mining
20:12 Castle Age
20:39 Pikeman
21:49 Heavy Plow
Memobunke
0:34 Loom
12:43 Feudal Age
13:09 Double-Bit Axe
15:37 Horse Collar
16:17 Gold Mining
16:44 Stone Mining
21:26 Castle Age
23:05 Gold Shaft Mining
23:42 Bow Saw
24:16 Fletching
26:23 Bodkin Arrow
26:29 Padded Archer Armor
29:58 Leather Archer Armor
30:06 Ballistics
33:15 Thumb Ring
38:37 Imperial Age
36:32 Caravan
38:22 Stone Shaft Mining
Katalipsis1
9:28 Loom
11:34 Feudal Age
12:13 Double-Bit Axe
14:29 Wheelbarrow
17:27 Castle Age
16:04 Fletching
21:31 Bloodlines
23:06 Ballistics
25:05 Padded Archer Armor
26:32 Bodkin Arrow
26:59 Husbandry
27:18 Leather Archer Armor
26:53 Town Watch
31:09 Hand Cart
30:55 Town Patrol
39:13 Imperial Age
37:42 Silk Armor
khlosada
1:13 Loom
12:47 Feudal Age
18:19 Bloodlines
21:31 Castle Age
22:19 Light Cavalry
30:29 Horse Collar
36:01 Imperial Age
37:46 Padded Archer Armor
Connection lost

Rejoining the realm…

Still unreachable

The connection could not be restored.

Session expired

The server has moved on; the page needs a fresh start.